cohdb
Replays
Latest Replays
All Replays
Popular Replays
Top Player Replays
Match Explorer
How It Works
Community
CoH3 Stats
Reddit
Sign in to upload your games and track your stats! →
Sign in with Steam
Match 47365769
Unlisted
Match 47365769
Overview
Messages
Build Orders
End
Royal Engineer Section
Construct Section Command Post
Infantry Section
Infantry Section
ML 3-inch Mortar Team
Construct Platoon Command Post
Humber Armored Car
Selects Heavy Armor Battlegroup
Selects Rigorous Vehicle Training
Selects Forward Repair Assembly
6-pounder Anti-tank Gun Team
Construct Field Infirmary
Unlock M3 Stuart Light Tanks
M3 Stuart Light Tank
M3 Stuart Light Tank
Light Vehicle Training
M3 Stuart Light Tank
Infantry Section
Grenade Package
Unlock Bishop Self-propelled Artillery
Dikuso
Genki
0
0
Comments
sign in to comment!
No comments posted yet!